 Dungeon Crawl Stone Soup version 0.31-a0-640-g39d97e502b (webtiles) character file.

Game seed: 4072336114023040640

3938 qw the Skirmisher (level 10, -3/63 HPs)
             Began as a Gargoyle Hunter on Aug 27, 2023.
             Was a Believer of Okawaru.
             Killed from afar by a deep elf pyromancer (24 damage)
             ... with a bolt of fire
             ... on level 7 of the Dungeon.
             The game lasted 00:02:13 (4849 turns).

qw the Skirmisher (Gargoyle Hunter)                 Turns: 4849, Time: 00:02:14

Health: -3/63      AC: 26    Str: 15    XL:     10   Next: 21%
Magic:  10/12      EV: 15    Int: 10    God:    Okawaru [**....]
Gold:   232        SH:  0    Dex: 17    Spells: 9/9 levels left

rFire   x x .        Y - +1 arbalest
rCold   x x .        (shield currently unavailable)
rNeg    + . .        e - +0 ring mail
rPois   inf          h - +0 helmet
rElec   +            d - +0 cloak
rCorr   .            g - +0 pair of gloves
SInv    .            (no boots)
Will    .....        j - amulet of Elemental Vulnerability {rPois rF-- rC-- AC+8}
Stlth   +            (no ring)
HPRegen 1.10/turn    (no ring)
MPRegen 0.13/turn

%: no passive effects
@: on fire, heroic, glowing
A: sickness immunity, AC +7, negative energy resistance 1, electricity
resistance, torment resistance 1, petrification resistance, claws 1, low MP 1,
regeneration 1
a: Renounce Religion, Heroism


You were on level 7 of the Dungeon.
You worshipped Okawaru.
Okawaru was pleased with you.
You visited 2 branches of the dungeon, and saw 8 of its levels.

You collected 232 gold pieces.


Innate Abilities, Weirdness & Mutations

You are immune to sickness and miasma.
Your stone body is resilient. (AC +7)
You are immune to poison.
You resist negative energy. (rN+)
You are resistant to electric shocks. (rElec)
You are resistant to unholy torment.
You are immune to petrification.
You have sharp fingernails.
Your magical capacity is low. (-10% MP)
Your natural rate of healing is unusually fast.


   Skills:
 - Level 7.1(12.1) Fighting
 - Level 11.7(16.7) Ranged Weapons
 - Level 4.6(9.6) Armour
 + Level 2.8(7.8) Dodging
 - Level 1.1(6.1) Stealth
 - Level 4.8 Invocations


You had 9 spell levels left.
You didn't know any spells.
Your spell library was empty.

Inventory:

Hand Weapons
 Y - a +1 arbalest (weapon)
Armour
 d - a +0 cloak (worn)
 e - a +0 ring mail (worn)
 g - a +0 pair of gloves (worn)
 h - a +0 helmet (worn)
Jewellery
 j - the amulet of Elemental Vulnerability (around neck) {rPois rF-- rC-- AC+8}
   (You found it on level 4 of the Dungeon)

   [amulet of nothing]

   AC+8:      It affects your AC (+8).
   rF--:      It makes you very vulnerable to fire.
   rC--:      It makes you very vulnerable to cold.
   rPois:     It protects you from poison
Scrolls
 i - a scroll of identify
 m - 2 scrolls of revelation {unknown}
Potions
 a - a potion of curing
 b - a potion of might
 c - a potion of enlightenment
 f - a potion of mutation
 k - a potion of heal wounds
 l - a potion of berserk rage {unknown}
 n - a potion of cancellation {unknown}

Dungeon Overview and Level Annotations

Branches:
Dungeon (7/15)             Temple (1/1) D:6

Altars:
Ashenzari
Cheibriados
Dithmenos
Elyvilon
Fedhas
Gozag
Hepliaklqana
Kikubaaqudgha
Makhleb
Nemelex Xobeh
Okawaru
Qazlal
Ru
Sif Muna
Trog
Uskayaw
Vehumet
Wu Jian
Xom
Yredelemnul
Zin
The Shining One


Message History

You shoot a bolt. The deep elf pyromancer shouts!
The bolt hits the deep elf pyromancer!
The deep elf pyromancer is moderately wounded.
You shoot a bolt.
The bolt barely misses the deep elf pyromancer.
The deep elf pyromancer barely misses you.
The deep elf pyromancer gestures at you while chanting.
The bolt of fire hits you!! The fire burns you terribly!
You shoot a bolt. The bolt hits the deep elf pyromancer!
The deep elf pyromancer is heavily wounded.
The deep elf pyromancer closely misses you.
You shoot a bolt. The bolt hits the deep elf pyromancer!!
The deep elf pyromancer is almost dead.
The deep elf pyromancer barely misses you.
The deep elf pyromancer hits you but does no damage.
You shoot a bolt.
The bolt barely misses the deep elf pyromancer.
The deep elf pyromancer gestures at you while chanting.
The sticky flame misses you.
You shoot a bolt.
The bolt misses the deep elf pyromancer.
The deep elf pyromancer hits you but does no damage.
You shoot a bolt.
The bolt closely misses the deep elf pyromancer.
The deep elf pyromancer points at you and mumbles some strange words.
The bolt of fire hits you!!! The fire burns you terribly!
Ouch! That really hurt!
The deep elf pyromancer misses you.
4848 ||| INVOKING Heroism.
You gain the combat prowess of a mighty hero.
The deep elf pyromancer gestures at you while chanting.
The sticky flame hits you. The fire burns you terribly!
You are covered in liquid flames!
4849 ||| DRINKING 2 potions of heal wounds.
You feel much better.
You are covered in liquid flames!
The deep elf pyromancer gestures at you while chanting.
The bolt of fire hits you!! The fire burns you terribly!
You die...

#....#.#.# e.
###.....#
...#...#.# ..
####...#
.#...#.#.# .#
#...##.#
...#.....# .#
#..###...#
#....#...## ##.#
####......
###.......#####.%#
###........
###..##....:..#
#.........#
#########..e##
....#.....#
#........@# ...
#.....#
#.#######.#
#.....#
##.......##
#.....# #.#####.#
#####'# ##.....##
#.....# #.###.#
#.....# ##...##
#.....# #.#.#
#.....# ##.##
.#####'#


You could see a deep elf pyromancer.

Vanquished Creatures
  A boulder beetle (D:7)
  A manticore (D:7)
  Jeremiah (D:6)
  A komodo dragon (D:7)
  Grinder (D:6)
  A wraith (D:7)
  A yak (D:7)
  A wyvern (D:7)
  3 sky beasts
  A black bear (D:5)
  2 ogres (D:5)
  2 centaurs
  A kobold brigand (D:7)
  4 bullfrogs
  3 scorpions (D:5)
  A wight (D:7)
  3 jellies
  3 hounds
  2 iguanas
  2 sleepcaps
  Jessica (D:2)
  4 orc wizards
  5 gnolls (D:5)
  3 adders
  2 ufetubi
  2 worms (D:5)
  5 orcs
  3 bats
  5 endoplasms
  14 giant cockroaches
  5 goblins
  3 hobgoblins
  6 jackals
  A quokka (D:1)
  3 ball pythons
  6 kobolds
  3 rats
106 creatures vanquished.

Notes
Turn   | Place    | Note
-------+----------+-------------------------------------------
     0 | D:1      | qw the Gargoyle Hunter began the quest for the Orb.
     0 | D:1      | Reached XP level 1. HP: 12/12 MP: 1/1
     0 | D:1      | 0 ||| qw: Version: 0.3-a-74-g0d5e918
     0 | D:1      | 0 ||| qw: Game counter: 145
     0 | D:1      | 0 ||| qw: Melee chars always use a shield: true
     0 | D:1      | 0 ||| qw: God list: Okawaru
     0 | D:1      | 0 ||| qw: Allow faded altars: false
     0 | D:1      | 0 ||| qw: Do Orc after clearing Dungeon:15 true
     0 | D:1      | 0 ||| qw: Do second Lair branch before Depths: true
     0 | D:1      | 0 ||| qw: Lair rune preference: random
     0 | D:1      | 0 ||| qw: Goals: Normal
     0 | D:1      | 0 ||| PLANNING D:1-11
   163 | D:1      | Reached XP level 2. HP: 17/17 MP: 2/2
   447 | D:1      | 447 ||| DROPPING scroll of butterflies.
  1174 | D:2      | 1174 ||| UPGRADING to +0 cloak.
  1179 | D:2      | 1179 ||| UPGRADING to +0 ring mail.
  1189 | D:2      | 1189 ||| DROPPING +0 leather armour.
  1190 | D:2      | 1190 ||| DRINKING 3 fizzy dark potions.
  1222 | D:2      | 1222 ||| DRINKING 2 smoky pink potions.
  1222 | D:2      | Gained mutation: You sometimes lose your temper in combat.
                  | [potion of mutation]
  1222 | D:2      | Gained mutation: Your magical capacity is low. (-10% MP)
                  | [potion of mutation]
  1222 | D:2      | Gained mutation: You have a pair of small antennae on your
                  | head. [potion of mutation]
  1223 | D:2      | 1223 ||| DRINKING potion of mutation.
  1223 | D:2      | Lost mutation: You sometimes lose your temper in combat.
                  | [potion of mutation]
  1223 | D:2      | Lost mutation: You have a pair of small antennae on your
                  | head. [potion of mutation]
  1223 | D:2      | Gained mutation: Your natural rate of healing is unusually
                  | fast. [potion of mutation]
  1223 | D:2      | Gained mutation: You have sharp fingernails. [potion of
                  | mutation]
  1224 | D:2      | 1224 ||| DROPPING 2 potions of lignification.
  1248 | D:2      | Noticed Jessica
  1254 | D:2      | Killed Jessica
  1255 | D:2      | Reached XP level 3. HP: 21/21 MP: 2/2
  1327 | D:3      | Reached skill level 5 in Ranged Weapons
  1327 | D:3      | Reached XP level 4. HP: 26/26 MP: 3/3
  1390 | D:3      | Identified the +1 scale mail "Uzxeusyn" {Str+3 Int+5}
  1458 | D:3      | 1458 ||| Stepping ~*~*~tactically~*~*~ (outnumbered).
  1511 | D:3      | Reached skill level 3 in Fighting
  1583 | D:3      | Identified the +8 trident of Spontaneous Combustion {venom,
                  | rC+}
  1830 | D:3      | 1830 ||| UPGRADING to +0 pair of gloves.
  1835 | D:3      | 1835 ||| READING scroll labelled NUCVU ANOBYT.
  1836 | D:3      | 1836 ||| READING scroll labelled QONOYNGYRCHI.
  1837 | D:3      | 1837 ||| READING scroll labelled VOAFEI IGGETUNY.
  2062 | D:4      | Reached XP level 5. HP: 32/32 MP: 4/4
  2555 | D:4      | Found the amulet of Elemental Vulnerability {rPois rF--
                  | rC-- AC+8}
  2723 | D:4      | 2723 ||| UPGRADING to +0 helmet.
  2728 | D:4      | 2728 ||| UPGRADING to amulet of Elemental Vulnerability
                  | {rPois rF-- rC-- AC+8}.
  2733 | D:4      | 2733 ||| READING scroll labelled KOICSUOGA.
  2734 | D:4      | 2734 ||| DRINKING 2 orange potions.
  2735 | D:4      | 2735 ||| DROPPING potion of attraction.
  2740 | D:5      | Entered Level 5 of the Dungeon
  2810 | D:5      | Reached skill level 6 in Ranged Weapons
  2810 | D:5      | Reached XP level 6. HP: 37/37 MP: 5/5
  2824 | D:5      | 2824 ||| Stepping ~*~*~tactically~*~*~ (retreating).
  2825 | D:5      | 2825 ||| Stepping ~*~*~tactically~*~*~ (retreating).
  2864 | D:5      | Reached skill level 7 in Ranged Weapons
  2864 | D:5      | Reached XP level 7. HP: 42/43 MP: 6/6
  3011 | D:5      | Reached skill level 8 in Ranged Weapons
  3178 | D:5      | Reached XP level 8. HP: 49/49 MP: 7/7
  3229 | D:5      | 3229 ||| SWAPPING to +0 arbalest.
  3230 | D:5      | 3230 ||| DROPPING +0 shortbow.
  3415 | D:5      | 3415 ||| READING scroll labelled TIZEPS TETHRAACS.
  3416 | D:5      | 3416 ||| READING 3 scrolls labelled WOJUIPUIJE.
  3417 | D:5      | 3417 ||| READING scroll labelled DIALUEBISM.
  3418 | D:5      | 3418 ||| DRINKING 2 smoky black potions.
  3419 | D:5      | 3419 ||| READING 2 scrolls of identify.
  3419 | D:5      | 3419 ||| IDENTIFYING bubbling puce potion
  3420 | D:5      | 3420 ||| DROPPING 2 scrolls of blinking.
  3604 | D:6      | Found a staircase to the Ecumenical Temple.
  3605 | D:6      | 3605 ||| PLANNING TEMPLE
  3605 | D:6      | 3605 ||| READING scroll labelled SICROU AWEERYR.
  3606 | D:6      | 3606 ||| DRINKING 2 green potions.
  3608 | D:6      | Noticed Grinder
  3610 | D:6      | 3610 ||| Stepping ~*~*~tactically~*~*~ (outnumbered).
  3613 | D:6      | Paralysed by Grinder for 5 turns
  3626 | D:6      | Killed Grinder
  3627 | D:6      | Reached skill level 9 in Ranged Weapons
  3643 | Temple   | Entered the Ecumenical Temple
  3644 | Temple   | 3644 ||| PLANNING D:1-11
  3689 | D:6      | Found an ancient bone altar of Kikubaaqudgha.
  3691 | D:6      | Found a hazy altar of Hepliaklqana.
  3694 | D:6      | Found a sacrificial altar of Ru.
  3698 | D:6      | Found a radiant altar of Vehumet.
  3699 | D:6      | Found a sparkling altar of Nemelex Xobeh.
  3702 | D:6      | Found a glowing golden altar of the Shining One.
  3704 | D:6      | Found a basalt altar of Yredelemnul.
  3704 | D:6      | Found an iron altar of Okawaru.
  3705 | D:6      | 3705 ||| PLANNING OKAWARU WORSHIP
  3708 | D:6      | Found a white marble altar of Elyvilon.
  3709 | D:6      | Found a bloodstained altar of Trog.
  3709 | D:6      | Noticed Jeremiah
  3736 | D:6      | Became a worshipper of Warmaster Okawaru
  3737 | D:6      | 3737 ||| PLANNING D:1-11
  3756 | D:6      | HP: 6/49 [Jeremiah/divine providence (15)]
  3757 | D:6      | 3757 ||| DRINKING potion of heal wounds.
  3769 | D:6      | Killed Jeremiah
  3875 | D:6      | Reached skill level 6 in Fighting
  4112 | D:6      | Reached * piety under Okawaru
  4113 | D:6      | Reached XP level 9. HP: 55/55 MP: 8/8
  4317 | D:6      | 4317 ||| READING scroll labelled BIEPPO SYFU.
  4418 | D:6      | 4418 ||| DRINKING 2 lumpy grey potions.
  4535 | D:7      | 4535 ||| INVOKING Heroism.
  4536 | D:7      | 4536 ||| INVOKING Heroism.
  4550 | D:7      | Reached skill level 10 in Ranged Weapons
  4602 | D:7      | Reached skill level 1 in Invocations
  4610 | D:7      | 4610 ||| INVOKING Heroism.
  4670 | D:7      | Noticed a komodo dragon
  4671 | D:7      | 4671 ||| INVOKING Heroism.
  4672 | D:7      | Noticed a boulder beetle
  4673 | D:7      | 4673 ||| RETREATING.
  4678 | D:7      | Killed a komodo dragon
  4679 | D:7      | Reached skill level 3 in Invocations
  4680 | D:7      | Noticed a manticore
  4683 | D:7      | Killed a manticore
  4688 | D:7      | 4688 ||| INVOKING Heroism.
  4712 | D:7      | 4712 ||| Stepping ~*~*~tactically~*~*~ (retreating).
  4714 | D:7      | 4714 ||| Stepping ~*~*~tactically~*~*~ (retreating).
  4715 | D:7      | 4715 ||| INVOKING Heroism.
  4722 | D:7      | HP: 8/57 [boulder beetle (11)]
  4723 | D:7      | 4723 ||| DRINKING 2 potions of heal wounds.
  4724 | D:7      | Killed a boulder beetle
  4724 | D:7      | Reached ** piety under Okawaru
  4725 | D:7      | Reached skill level 11 in Ranged Weapons
  4725 | D:7      | Reached XP level 10. HP: 39/63 MP: 10/12
  4776 | D:7      | Noticed a deep elf pyromancer
  4777 | D:7      | 4777 ||| Stepping ~*~*~tactically~*~*~ (retreating).
  4848 | D:7      | 4848 ||| INVOKING Heroism.
  4848 | D:7      | HP: 13/63 [deep elf pyromancer/sticky flame (4)]
  4849 | D:7      | 4849 ||| DRINKING 2 potions of heal wounds.
  4849 | D:7      | Killed from afar by a deep elf pyromancer

Levels and vault maps discovered:
D:1:      nzn_arrival_water_spiral, layout_basic
D:2:      layout_loops_cross, uniq_crazy_yiuf_cottage, uniq_jessica
D:3:      minmay_roachtagon, layout_rooms
D:4:      layout_loops_corners
D:5:      layout_basic, chequers_avenue, skrybe_limestone_x,
          minmay_fountain_box, minmay_circle_x
D:6:      layout_basic, nicolae_overflow_hallway_of_the_gods,
          minmay_temple_entry_stoned_glass, uniq_grinder, uniq_jeremiah
D:7:      minmay_the_grid_four_pointed_star
          [minmay_the_grid_triangle_9x9_flanged_cone,
          minmay_the_grid_triangle_9x9_odd_lines,
          minmay_the_grid_triangle_9x9_stretched_checkered,
          minmay_the_grid_triangle_9x9_negative_grid,
          minmay_the_grid_prize_inner_circle], layout_gridville
Temple:   minmay_temple_bridge_abc

Skill      XL: |  1  2  3  4  5  6  7  8  9 |
---------------+----------------------------+-----
Armour         | 2 4 |  4.6
Ranged Weapons | 5 6 7 8 9 11 | 11.7
Fighting       | 3 4 5 6 7 |  7.1
Dodging        | 2 |  2.8
Invocations    | 4 |  4.8
Stealth        | |  1.1

Action                     |  1- 3 |  4- 6 |  7- 9 | 10-12 || total
---------------------------+-------+-------+-------+-------++-------
   Fire: Shortbow          |    74 |   179 |   106 |       ||   359
         Arbalest          |       |       |   136 |    23 ||   159
 Invoke: Heroism           |       |       |     5 |     1 ||     6
    Use: Potion            |     3 |     1 |     5 |     1 ||    10
         Scroll            |       |     4 |     6 |       ||    10
 Armour: Leather armour    |     3 |       |       |       ||     3
         Ring mail         |     8 |    88 |   112 |     9 ||   217
  Dodge: Dodged            |    15 |    70 |    90 |     8 ||   183

Table legend:
 A = Non-vault XP
 B = Vault XP
 C = Vault XP percentage of total XP
 D = Non-vault monster count
 E = Vault monster count
 F = Vault count percentage of total count
                 A         B        C        D         E       F
            +---------+---------+-------+---------+---------+-------
      Total |    1374 |    4252 |  75.6 |      71 |      35 |  33.0
            +---------+---------+-------+---------+---------+-------
        D:1 |      18 |       0 |   0.0 |      11 |       0 |   0.0
        D:2 |       8 |      37 |  82.2 |       5 |       1 |  16.7
        D:3 |      64 |      18 |  22.0 |      15 |       9 |  37.5
        D:4 |      46 |       0 |   0.0 |      16 |       0 |   0.0
        D:5 |     645 |     426 |  39.8 |      16 |       7 |  30.4
        D:6 |     460 |     656 |  58.8 |       7 |       2 |  22.2
        D:7 |     133 |    3115 |  95.9 |       1 |      16 |  94.1
            +---------+---------+-------+---------+---------+-------
